 Dungeon Crawl Stone Soup version 0.28-a0-1447-ga5a8893891 (webtiles) character file.

Game seed: 7586991195897350136

420 hashsling the Bolt Thrower (level 7, -1/32 (34) HPs)
             Began as a Kobold Arcane Marksman on Jan 11, 2022.
             Slain by Crazy Yiuf (9 damage)
             ... on level 3 of the Dungeon.
             The game lasted 00:16:55 (5047 turns).

hashsling the Bolt Thrower (Kobold Arcane Marksman) Turns: 5047, Time: 00:16:56

HP:   -1/32 (34)    AC:  3    Str:  8    XL:     7   Next: 16%
MP:   2/8           EV: 14    Int: 14    God:
Gold: 222           SH:  0    Dex: 17    Spells: 4/8 levels left

rFire   . . .      SeeInvis .   b - +1 short sword (holy)
rCold   + . .      Faith    .   (no shield)
rNeg    . . .      Spirit   .   q - +0 leather armour {rPois}
rPois   +          Reflect  .   (helmet restricted)
rElec   .          Harm     .   (no cloak)
rCorr   .          Rampage  .   (no gloves)
Will    .....                   (no boots)
Stlth   ++........              (no amulet)
HPRegen 0.10/turn               j - ring of protection from cold
MPRegen 0.11/turn               (no ring)

@: drained
A: small, no large weapons, nightstalker 3, beak, frail 1
a: no special abilities


You were on level 3 of the Dungeon.
You visited 1 branch of the dungeon, and saw 4 of its levels.

You collected 222 gold pieces.

Inventory:

Hand Weapons
 a - a +1 hand crossbow
 b - a +1 short sword of holy wrath (weapon)
Armour
 d - a +1 robe
 o - a +2 helmet
 q - a +0 leather armour of poison resistance (worn)
Jewellery
 j - a ring of protection from cold (left hand)
Wands
 f - a wand of flame (22)
Scrolls
 e - 3 scrolls of silence {unknown}
 g - a scroll of vulnerability {unknown}
 k - a scroll of magic mapping {unknown}
 n - 3 scrolls of identify
 p - a scroll of teleportation
 r - a scroll of fear {unknown}
 t - a scroll of immolation {unknown}
Potions
 h - 3 potions of curing
 i - a potion of heal wounds {unknown}
 l - a potion of mutation
 m - 2 potions of resistance {unknown}
 s - a potion of haste {unknown}


   Skills:
 - Level 1.1 Fighting
 * Level 2.1 Short Blades
 - Level 7.6 Crossbows
 - Level 2.4 Dodging
 - Level 1.1 Spellcasting
 - Level 4.1 Hexes


You had 4 spell levels left.
You knew the following spells:

 Your Spells              Type           Power      Damage    Failure   Level
a - Slow                  Hex            48%        N/A       7%          1
b - Portal Projectile     Hex/Tloc       12%        N/A       45%         3

Your spell library contained the following spells:

 Spells                   Type           Power      Damage    Failure   Level
 Animate Skeleton         Necr           0%         N/A       36%         1
 Apportation              Tloc           0%         N/A       36%         1
 Summon Small Mammal      Summ           0%         N/A       36%         1
 Inner Flame              Hex/Fire       6%         N/A       45%         3
 Cause Fear               Hex            6%         N/A       56%         4


Dungeon Overview and Level Annotations

Branches:
Dungeon (4/15)
 Temple: D:4-7

Altars:
Elyvilon
Wu Jian
The Shining One

Shops:
D:2 [   D:3 (

Annotations:
D:3 Crazy Yiuf


Innate Abilities, Weirdness & Mutations

You are small and have problems with some larger weapons.
You are completely attuned to the shadows.
You have a beak for a mouth.
You are frail. (-10% HP)


Message History

Aim: Crazy Yiuf, wielding a +2 quarterstaff of chaos and wearing a +0 cloak (moderately wounded, about 32% to evade your +1 short sword of holy wrath)
You closely miss Crazy Yiuf.
Crazy Yiuf is moderately wounded.
You feel sick. Crazy Yiuf closely misses you.
It was a potion of curing.
You feel better.
Crazy Yiuf hits you with a +2 quarterstaff of chaos.
You are electrocuted!
* * * LOW HITPOINT WARNING * * *
You are too injured to fight recklessly!
Hit: b) +1 short sword (holy)
Press: ? - help, Dir - move target, f/p - Crazy Yiuf
Aim: Crazy Yiuf, wielding a +2 quarterstaff of chaos and wearing a +0 cloak (moderately wounded, about 32% to evade your +1 short sword of holy wrath)
You hit Crazy Yiuf.
Crazy Yiuf is moderately wounded.
Crazy Yiuf completely misses you.
Hit: b) +1 short sword (holy)
Press: ? - help, Dir - move target, f/p - Crazy Yiuf
Aim: Crazy Yiuf, wielding a +2 quarterstaff of chaos and wearing a +0 cloak (moderately wounded, about 32% to evade your +1 short sword of holy wrath)
You barely miss Crazy Yiuf.
Crazy Yiuf is moderately wounded.
Crazy Yiuf closely misses you.
It was a potion of mutation.
You feel extremely strange.
You feel frail.
Your mouth lengthens and hardens into a beak!
Your +2 helmet falls away!
Crazy Yiuf closely misses you.
Okay, then.
You are too injured to fight recklessly!
Hit: b) +1 short sword (holy)
Press: ? - help, Dir - move target, f/p - Crazy Yiuf
Aim: Crazy Yiuf, wielding a +2 quarterstaff of chaos and wearing a +0 cloak (moderately wounded, about 32% to evade your +1 short sword of holy wrath)
You hit Crazy Yiuf but do no damage. You peck Crazy Yiuf.
Crazy Yiuf is heavily wounded.
Crazy Yiuf misses you.
Hit: b) +1 short sword (holy)
Press: ? - help, Dir - move target, f/p - Crazy Yiuf
Aim: Crazy Yiuf, wielding a +2 quarterstaff of chaos and wearing a +0 cloak (heavily wounded, about 32% to evade your +1 short sword of holy wrath)
You hit Crazy Yiuf.
Crazy Yiuf is heavily wounded.
Crazy Yiuf hits you with a +2 quarterstaff of chaos!
You die...

.#.....########..........#.##.#.#
.#.##### #.#######.##....... .#.#
#.# #.##.##.#.# .#.# ###
####.##.#.# .#.# ##.##.#.# .#.#
#........ .#.# ## ♣♣###.##.#.#
.#.####### )..#♣♣ ♣♣P#...####.#
..)......# ...g@♣♣♣♣P.....# #.#
.#.####.## ...#♣..♣.PP....# #.#
.#.# #.# ## ♣♣♣.♣..#.#.# #.# .#.#
#.# ♣♣♣♣♣###.####.# .#.# #.#
#........ ...####.# #######.#
........# #.# ######### #.# ###


You could see Crazy Yiuf.

Vanquished Creatures
  A centaur skeleton (D:4)
  2 hounds (D:4)
  Ijyb (D:3)
  Natasha (thrice) (D:3)
  2 orc wizards (D:4)
  A hound skeleton (D:3)
  6 adders
  4 worms
  3 dart slugs
  10 orcs
  10 endoplasms
  3 goblins
  7 hobgoblins
  6 jackals
  5 kobolds
  8 quokkas
  8 ball pythons
  3 bats
  8 rats
91 creatures vanquished.

Vanquished Creatures (others)
  A fungus (D:3)
  26 plants (D:1)
27 creatures vanquished.

Grand Total: 118 creatures vanquished

Notes
Turn   | Place    | Note
-------+----------+-------------------------------------------
     0 | D:1      | hashsling the Kobold Arcane Marksman began the quest for
                  | the Orb.
     0 | D:1      | Reached XP level 1. HP: 12/12 MP: 2/2
   187 | D:1      | Reached skill level 3 in Crossbows
   211 | D:1      | Reached XP level 2. HP: 9/16 MP: 3/3
   758 | D:1      | Reached skill level 4 in Crossbows
   758 | D:1      | Reached XP level 3. HP: 19/20 MP: 4/4
  1220 | D:2      | Found Nunurah's Armour Emporium.
  1397 | D:2      | Reached XP level 4. HP: 11/25 MP: 5/5
  1687 | D:2      | Reached skill level 5 in Crossbows
  2366 | D:3      | Learned a level 3 spell: Portal Projectile
  2403 | D:3      | Found Atsyqit's Antique Weapon Emporium.
  2549 | D:3      | Noticed Natasha
  2553 | D:3      | Killed Natasha
  2554 | D:3      | Reached XP level 5. HP: 25/29 MP: 6/6
  2759 | D:3      | Reached skill level 6 in Crossbows
  2760 | D:3      | Noticed Natasha
  2773 | D:3      | Killed Natasha
  3352 | D:3      | Noticed Ijyb
  3375 | D:3      | Killed Ijyb
  3376 | D:3      | Reached XP level 6. HP: 34/34 MP: 7/7
  3514 | D:3      | Found a runed translucent door.
  3517 | D:3      | Noticed Crazy Yiuf
  3751 | D:3      | Noticed Natasha
  3760 | D:3      | Killed Natasha
  3967 | D:4      | Reached skill level 7 in Crossbows
  4056 | D:4      | Found a white marble altar of Elyvilon.
  4124 | D:4      | Found a glowing drain.
  4204 | D:4      | Found an ornate altar of the Wu Jian Council.
  4467 | D:4      | Reached XP level 7. HP: 30/38 MP: 8/8
  4615 | D:4      | Reached skill level 1 in Short Blades
  4732 | D:4      | Found a glowing golden altar of the Shining One.
  5045 | D:3      | Gained mutation: You are frail. (-10% HP) [potion of
                  | mutation]
  5045 | D:3      | Gained mutation: You have a beak for a mouth. [potion of
                  | mutation]
  5047 | D:3      | Slain by Crazy Yiuf

Illustrated notes

Levels and vault maps discovered:
D:1:      dpeg_arrival_more_subterranean_lakeside_camping, layout_basic,
          serial_bayou_lagoon_a, st_stairs_9
D:2:      layout_basic, serial_shops, shop, minmay_crystal_water
D:3:      layout_basic, serial_shops, shop_fountains, uniq_crazy_yiuf_cottage,
          uniq_natasha, uniq_ijyb
D:4:      layout_basic, mainiacjoe_overflow_tiny_flanked,
          mainiacjoe_overflow_brackets, elyvilon_altar_1,
          cheibrodos_sewer_entry_bend

Skill      XL: |  1  2  3  4  5  6  7 |
---------------+----------------------+-----
Crossbows      | 3 4 5 6 7 |  7.6
Hexes          | 4 |  4.1
Short Blades   | 2 |  2.1
Fighting       | |  1.1
Dodging        | |  2.4
Spellcasting   | |  1.1

Action                   |  1- 3 |  4- 6 |  7- 9 || total
-------------------------+-------+-------+-------++-------
Melee: Hand axe          |    32 |    35 |       ||    67
       Unarmed           |     1 |       |       ||     1
       Punch             |     1 |       |       ||     1
       Morningstar       |       |    16 |       ||    16
       Short sword       |       |       |    20 ||    20
       Peck              |       |       |     1 ||     1
 Fire: Hand crossbow     |    53 |   125 |    26 ||   204
 Cast: Portal Projectile |       |       |     1 ||     1
  Use: Scroll            |     2 |     2 |       ||     4
       Potion            |       |     1 |     2 ||     3
Armor: Robe              |    16 |     7 |       ||    23
       Leather armour    |       |     9 |     5 ||    14
Dodge: Dodged            |    56 |   100 |    21 ||   177

Table legend: (Time is in decaauts)
 A = Elapsed time spent in this place.
 B = Non-inter-level travel time spent in this place.
 C = Inter-level travel time spent in this place.
 D = Time resting spent in this place.
 E = Time spent auto-exploring this place.
 F = Levels seen in this place.
 G = Mean time per level.
                   A        B        C        D        E       F      G
               +--------+--------+--------+--------+--------+-----+--------+
         Total |   5119 |   5007 |    112 |     25 |   4200 |   4 | 1279.8 |
       Dungeon |   5119 |   5007 |    112 |     25 |   4200 |   4 | 1279.8 |
               +--------+--------+--------+--------+--------+-----+--------+

Top non-repeatable levels by time:
     D:3: 1748 daAuts
     D:1: 1225 daAuts
     D:4: 1176 daAuts
     D:2: 969 daAuts
